 Dungeon Crawl Stone Soup version 0.23.1-37-gaa34b87b72 (webtiles) character file.

Game seed: 13346360457094099160

3305 Marnok the Grappler (level 9, -1/84 HPs)
             Began as a Troll Monk on Mar 22, 2019.
             Was a Believer of Wu Jian.
             Killed from afar by an orc wizard (11 damage)
             ... with a magic dart
             ... on level 8 of the Dungeon.
             The game lasted 00:21:19 (3318 turns).

Marnok the Grappler (Troll Monk)                    Turns: 3318, Time: 00:21:19

Health: -1/84      AC:  8    Str: 22    XL:     9   Next: 70%
Magic:  8/8        EV: 13    Int:  9    God:    Wu Jian [**....]
Gold:   138        SH:  0    Dex: 14    Spells: 8/8 levels left

rFire    . . .     SeeInvis .     - Unarmed
rCold    . . .     Gourm    +   (no shield)
rNeg     . . .     Faith    .   a - +0 robe
rPois    .         Spirit   .   (helmet restricted)
rElec    .         Reflect  .   (no cloak)
rCorr    +         Harm     .   (gloves unavailable)
MR       .....                  (boots unavailable)
Stlth    ++........             (no amulet)
HPRegen  0.64/turn              e - +3 ring of intelligence
MPRegen  0.11/turn              g - ring of resist corrosion

@: no status effects
A: large, unfitting armour, claws 3, talons 1, yellow scales 1, fast metabolism
3, gourmand, regeneration 1, shaggy fur 1, tough skin 3, MP-powered wands
a: Wall Jump, Renounce Religion


You were on level 8 of the Dungeon.
You worshipped Wu Jian.
Wu Jian was pleased with you.
You were not hungry.

You visited 2 branches of the dungeon, and saw 9 of its levels.
You also visited: Sewer.

You collected 228 gold pieces.
You spent 90 gold pieces at shops.

Inventory:

Hand Weapons
 h - a +1 dire flail of crushing
 o - a +3 flail
 p - a +0 mace of protection
Missiles
 r - 2 tomahawks (quivered)
Armour
 a - a +0 robe (worn)
 m - a +0 large shield
Jewellery
 e - a +3 ring of intelligence (left claw)
 g - a ring of resist corrosion (right claw)
 i - an uncursed ring of magical power {unknown}
Scrolls
 f - 6 scrolls of teleportation {unknown}
 k - a scroll of amnesia {unknown}
 n - a scroll of noise {unknown}
 q - a scroll of enchant armour {unknown}
Potions
 c - a potion of might
 d - 2 potions of curing
 j - 2 potions of agility {unknown}
Comestibles
 b - 7 rations
 l - 2 chunks of flesh


   Skills:
 + Level 4.1 Fighting
 + Level 6.4 Dodging
 + Level 2.5 Stealth
 + Level 10.7 Unarmed Combat


You had 8 spell levels left.
You didn't know any spells.
Your spell library contained the following spells:

 Spells                   Type           Power        Failure   Level  Hunger
 Freeze                   Ice            #...         38%         1    ##.....
 Throw Frost              Conj/Ice       #.....       52%         2    ###....
 Ozocubu's Armour         Chrm/Ice       #.......     77%         3    ####...
 Summon Ice Beast         Ice/Summ       #.......     99%         4    #####..
 Throw Icicle             Conj/Ice       #.......     99%         4    #####..


Dungeon Overview and Level Annotations

Branches:
Dungeon (8/15)             Temple (1/1) D:6
   Lair: D:8-11

Altars:
Elyvilon
Fedhas
Hepliaklqana
Kikubaaqudgha
Nemelex Xobeh
Okawaru
Ru
Sif Muna
Trog
Vehumet
Wu Jian
Zin


Innate Abilities, Weirdness & Mutations

You are too large for most types of armour.
You have claws for hands.
Your metabolism is lightning-fast.
You like to eat raw meat.
Your natural rate of healing is unusually fast.
You are covered in fur. (AC +1)
You have extremely tough skin. (AC +3)
You have sharp toenails.
You are partially covered in yellow scales. (AC +2)
You expend magic power (3 MP) to strengthen your wands.


Message History

The orc wizard points at you and mumbles some strange words.
An orc wizard appears from thin air!
Reactivating autopickup.
The orc priest mumbles some strange prayers to Beogh against you.
Beogh smites you!
* * * LOW HITPOINT WARNING * * *
The orc wizard gestures wildly while chanting.
The orc wizard flickers and vanishes!
Deactivating autopickup; reactivate with Ctrl-A.
The orc wizard casts a spell at you. The magic dart hits you.
* * * LOW HITPOINT WARNING * * *
The orc wizard points at you and mumbles some strange words.
The magic dart hits you.
* * * LOW HITPOINT WARNING * * *
The orc wizard points at you and mumbles some strange words.
You easily resist.
The orc wizard points at you and mumbles some strange words.
The magic dart hits you!
You die...

#+####....##.#
#######.###
.......o..#
........o.#
..........+ #
..........# .#
##...##...# .#
#...##...##..####
#........@.......
#................
#.....)..........
##+#############+####
#..<.......
#......<...
#..........
#..........
#..........


You could see an orc priest and an orc wizard.

Vanquished Creatures
  A two-headed ogre (D:7)
  Grinder (D:5)
  Sigmund (D:2)
  4 humans (D:6)
  Edmund (D:6)
  A water moccasin (D:6)
  An orc warrior (D:8)
  A phantom (D:5)
  An ice beast (D:6)
  A necrophage (D:6)
  2 centaurs
  3 bullfrogs
  2 scorpions
  A wight (D:7)
  A killer bee (D:7)
  2 howler monkeys
  A bullfrog zombie (D:5)
  2 jellies
  A centaur zombie (D:5)
  A hound (D:8)
  3 orc priests
  A bullfrog skeleton (D:7)
  An iguana (D:8)
  3 worker ants
  A worker ant zombie (D:6)
  A howler monkey zombie (D:6)
  5 gnolls
  5 adders
  2 shadow imps
  An ooze (D:1)
  2 worms
  A dart slug (D:4)
  4 leopard geckos
  12 orcs
  4 giant cockroaches
  3 goblins
  2 hobgoblins (D:2)
  6 jackals
  11 kobolds
  4 ball pythons
  2 bats (D:2)
  7 frilled lizards
  3 rats
  9 plants (Sewer)
122 creatures vanquished.

Vanquished Creatures (others)
  A plant (Sewer)
1 creature vanquished.

Grand Total: 123 creatures vanquished

Notes
Turn   | Place    | Note
-------+----------+-------------------------------------------
     0 | D:1      | Marnok the Troll Monk began the quest for the Orb.
     0 | D:1      | Reached XP level 1. HP: 22/22 MP: 0/0
    93 | D:2      | Reached XP level 2. HP: 27/29 MP: 1/1
   158 | D:2      | Noticed Sigmund
   167 | D:2      | Killed Sigmund
   167 | D:2      | Reached skill level 4 in Unarmed Combat
   167 | D:2      | Reached XP level 3. HP: 23/37 MP: 2/2
   167 | D:2      | Reached XP level 4. HP: 28/45 MP: 3/3
   167 | D:2      | Reached XP level 5. HP: 34/53 MP: 4/4
   479 | D:4      | Reached XP level 6. HP: 39/61 MP: 5/5
   488 | D:4      | Gained mutation: You are partially covered in yellow
                  | scales. (AC +2) [potion of mutation]
   488 | D:4      | Gained mutation: You expend magic power (3 MP) to
                  | strengthen your wands. [potion of mutation]
   488 | D:4      | Gained mutation: You have sharp toenails. [potion of
                  | mutation]
   494 | D:4      | Reached skill level 5 in Unarmed Combat
   609 | D:5      | Entered Level 5 of the Dungeon
   813 | D:5      | Found a glowing drain.
   834 | Sewer    | Entered a sewer
  1510 | D:5      | Noticed Grinder
  1513 | D:5      | Paralysed by Grinder for 7 turns
  1532 | D:5      | Killed Grinder
  1532 | D:5      | Reached skill level 6 in Unarmed Combat
  1532 | D:5      | Reached XP level 7. HP: 52/67 MP: 6/6
  1717 | D:5      | Found an iron altar of Okawaru.
  1741 | D:5      | Reached skill level 7 in Unarmed Combat
  1871 | D:6      | Found Eskuvu's Assorted Antiques.
  1887 | D:6      | Noticed a human
  1889 | D:6      | Noticed a human
  1890 | D:6      | Noticed a human
  1898 | D:6      | Killed a human
  1898 | D:6      | Reached XP level 8. HP: 56/75 MP: 7/7
  1906 | D:6      | Reached skill level 5 in Dodging
  1909 | D:6      | Reached skill level 8 in Unarmed Combat
  2030 | D:6      | Noticed Edmund
  2039 | D:6      | Killed Edmund
  2048 | D:6      | Reached skill level 9 in Unarmed Combat
  2053 | D:6      | Found Zin's Purification Station.
  2222 | D:6      | Reached XP level 9. HP: 72/83 MP: 8/8
  2401 | D:6      | Found a staircase to the Ecumenical Temple.
  2410 | Temple   | Entered the Ecumenical Temple
  2439 | Temple   | Became a worshipper of the Wu Jian Council
  2439 | Temple   | Reached * piety under Wu Jian
  2439 | Temple   | Reached ** piety under Wu Jian
  2513 | D:6      | Found a glowing silver altar of Zin.
  2517 | D:6      | Bought a potion of curing for 90 gold pieces
  2660 | D:7      | Noticed a two-headed ogre
  3064 | D:7      | Killed a two-headed ogre
  3064 | D:7      | Reached skill level 10 in Unarmed Combat
  3318 | D:8      | Killed from afar by an orc wizard

Skill      XL: |  1  2  3  4  5  6  7  8  9 |
---------------+----------------------------+-----
Fighting       | 3 4 |  4.1
Dodging        | 3 4 5 6 |  6.4
Unarmed Combat | 4 6 7 9 10 | 10.7
Stealth        | 2 |  2.5

Action                   |  1- 3 |  4- 6 |  7- 9 || total
-------------------------+-------+-------+-------++-------
Melee: Unarmed           |    33 |   234 |   177 ||   444
       Kick              |       |    80 |    56 ||   136
       Punch             |       |     2 |    12 ||    14
Invok: Whirlwind         |       |       |    44 ||    44
       Lunge             |       |       |     8 ||     8
  Use: Scroll            |       |     4 |     1 ||     5
       Potion            |       |     3 |     3 ||     6
 Stab: Sleeping          |       |     3 |     1 ||     4
  Eat: Chunk             |     2 |    15 |    15 ||    32
Armor: Robe              |    17 |    54 |    46 ||   117
Dodge: Dodged            |    18 |    83 |    90 ||   191
